Workbook
Name __xlnm_Print_Area: HABILITANTE!$B$1:$H$53
Name __xlnm_Print_Area: 'OPC 1'!$A$1:$C$32

Sheet HABILITANTE
B3: EVALUACION DE FACTORES TECNICOS HABILITANTES
A4: PROCESO DE SELECCIÓN ABREVIADA DE MENOR CUANTIA 028-2017
A6: N° | B6: REQUISITOS | C6: ESPECIFICACIONES TÉCNICAS | E6: CERTIFICACIÓN DE EXPERIENCIA | G6: CAPACIDAD ORGANIZACIONAL | H6: RESULTADO FINAL | I6: OBSERVACIONES
C9: El proponente deberá aceptar dar cumplimiento a la Propuesta Técnica, las cuales se encuentran detalladas en el anexo tecnico adjunto al presente proceso. | E9: El proponente debe acreditar mediante el RUP, experiencia, máximo de tres (3) contratos ejecutados con entidades públicas y/o privadas, donde el objeto contractual se relacione inequívocamente con actividades de formación artística, cuya sumatoria sea igual o mayor al valor del presupuesto oficial asignado a la presente convocatoria. La experiencia deberá versar sobre contratos ejecutados anteriores a la fecha de cierre del presente proceso, cuya sumatoria de sus valores sea por lo menos igual o superior al presupuesto oficial expresado en salarios mínimos es decir 203,47 SMMLV. Los proponentes deberán registrar en el RUP los contratos que hayan suscrito y ejecutado para prestar los bienes y servicios que pretenden ofrecer al Fondo de Desarrollo Local, dichos contratos ejecutados para contabilizar la experiencia deberán encontrarse contenidos como mínimo en Dos (02) de los siguientes Códigos de Clasificación de Bienes y Servicios, hasta el tercer nivel, expresado su valor en SMMLV El Fondo de desarrollo local requiere experticia e idoneidad en la ejecución de estas actividades por tanto: Los contratos registrados en el RUP deberá corresponder en su objeto la experiencia inequívoca en actividades de formación. CODIGOS UNSPSC Cultura 93141700 Escuelas profesionales 86121800 Bellas Artes 86131500 Música y Drama 86131600 Servicio de guía educativo 86141500 Servicios de capacitación vocacional no - científica 86101700 TODOS LOS PROPONENTES DEBERÁN DILIGENCIAR EN EL CUESTIONARIO ELECTRÓNICO DEL SECOP II "EXPERIENCIA ESPECIFICA DEL PROPONENTE" LOS CONTRATOS QUE PRETENDAN HACER VALER EN EL RUP, ES CASO DE QUE SE REQUIERA LA ENTIDAD SOLICITARÁ LOS SOPORTES QUE CONSIDERE NECESARIOS PARA LA VERIFICACIÓN DE LA EXPERIENCIA EXIGIDA. Nota 1: En el caso de que se pretenda acreditar a través del RUP experiencia con entidades de naturaleza privada, resulta de carácter obligatorio, acreditar a través del RUP, al menos experiencia con una entidad pública de orden nacional, departamental, distrital, municipal o local por valor igual o superior en sumatoria al 40% del presupuesto oficial. Nota 2: En caso de que se pretenda acreditar experiencia a través del RUP, únicamente con entidades de naturaleza privada, sin el cumplimiento del requisito enunciado en la Nota No. 1, dicha experiencia no será tenida en cuenta. Nota 3: Para el efecto de traducir el valor del contrato en salarios mínimos mensuales legales vigentes, se tendrá en cuenta el valor del salario mínimo de la fecha de suscripción del contrato que se pretenda acreditar. Salarios Mínimos por año Valor mensual ENERO 1º. de 2009 a DICIEMBRE 31 de 2009 496.900,00 ENERO 1º. de 2010 a DICIEMBRE 31 de 2010 515.000,00 ENERO 1º de 2011 a DICIEMBRE 31 de 2011 535.600,00 ENERO 1º de 2012 a DICIEMBRE 31 de 2012 566.700,00 ENERO 1º de 2013 a DICIEMBRE 31 de 2013 589.500,00 ENERO 1º de 2014 a DICIEMBRE 31 de 2014 616.000,00 ENERO 1º de 2015 a DICIEMBRE 31 de 2015 644.350,00 ENERO 1º de 2016 a DICIEMBRE 31 de 2016 689.454,00 | G9: Rentabilidad del patrimonio: utilidad operacional dividida por el patrimonio >= 0.01 Rentabilidad del activo: utilidad operacional dividida por el activo total >= 0.01
A10: 1 | B10: PROPONENTES | C10: SI CUMPLE | E10: SI CUMPLE | G10: SI CUMPLE | H10: SI CUMPLE | I10: N/A
B12: CORFUTURO | C12: En el numeral 4.1 se evidencia que el oferente se compromete a cumplir todas las especificaciones técnicas. | E12: Se valida la información en el RUP adjunto, y se observa que: En la página N° 16 se evidencian los códigos de clasificación de bienes 86131500, 86131600 y 86141500 Así mismo, 1, En la página N° 39 del RUP se evidencia experiencia por 135,85 SMLMV en el codigo 86131600 y 86101700 para el consecutivo 48 - Anexa documento que acredita la experiencia 2, En la página N° 48 del RUP se evidencia experiencia por 184,27 SMLMV en el codigo 86131500 y 93141700 para el consecutivo 70 - Anexa documento que acredita la experiencia 3, En la página N° 58 del RUP se evidencia experiencia por 164,12 SMLMV en el codigo 86131600 y 93141700 para el consecutivo 90 - Anexa documento que acredita la experiencia | G12: RENTABILIDAD DEL PATRIMONIO: 0,18 RENTABILIDAD DEL ACTIVO: 0,16
A13: 2 | B13: PROPONENTES | C13: SI CUMPLE | E13: SI CUMPLE | G13: SI CUMPLE | H13: SI CUMPLE | I13: N/A
B15: FUNDACION DE CIENCIA Y TECNOLOGIA GLOBAL FUNCITEG | C15: En el numeral 4.1 se evidencia que el oferente se compromete a cumplir todas las especificaciones técnicas. | E15: Se valida la información en el RUP adjunto, y se observa que: En la página N° 8 del RUP se evidencian los códigos de clasificación de bienes 86101700, 86131500, 86131600 y 86141500 Así mismo, 1, En el numeral 4,2,2 del cuestionario reporta consecutivo RUP #7. En la página N° 16 del RUP. se evidencia experiencia por 668,31 SMLMV en los codigos 86101700 y 93141700 - Anexa documento en archivo PDF denominado "Convenio 02-2012 Usme" el cual acredita la experiencia | G15: RENTABILIDAD DEL PATRIMONIO: 0,11 RENTABILIDAD DEL ACTIVO: 0,10
A16: 3 | B16: PROPONENTES | C16: SI CUMPLE | E16: SI CUMPLE | G16: SI CUMPLE | H16: SI CUMPLE | I16: N/A
B18: FUNDACION CONSTRUCCION LOCAL | C18: En el numeral 4.1 se evidencia que el oferente se compromete a cumplir todas las especificaciones técnicas. | E18: Se valida la información en el RUP adjunto, y se observa que: En las páginas N° 7, 8 y 9 se evidencian los códigos de clasificación de bienes 86101700, 86131500, 86131600, 86141500 y 93141700 Así mismo, se valida que: En la página N° 19 se evidencia experiencia por 194,55 SMLMV en los codigos 86101700, 86141500 y 86131500 para el consecutivo 17 - Anexa documento que avala la experiencia En la página N° 35 se evidencia experiencia por 93,35 SMLMV en los codigos 86101700 y 93141700 para el consecutivo 35 - Anexa documento que avala la experiencia | G18: RENTABILIDAD DEL PATRIMONIO: 2,77 RENTABILIDAD DEL ACTIVO: 2,47
A19: 4 | B19: PROPONENTES | C19: SI CUMPLE | E19: NO CUMPLE | G19: NO CUMPLE | H19: NO CUMPLE | I19: No fue posible hacer la evaluacion de la experiencia del oferente toda vez que no adjunto el RUP ni las certificaciones pertinentes según numeral 4 del cuestionario
B21: FUNDACION PEPASO | C21: En el numeral 4.1 se evidencia que el oferente se compromete a cumplir todas las especificaciones técnicas. | E21: No es posible realizar la acreditación de la experiencia toda vez que el oferente no adjunta: 1, Registro Unico de Proponentes 2, Certificado de experiencia para los contratos relacionados en los numerales 4,2,2, 4,2,3 y 4,2,4 del formulario. | G21: No es posible realizar la validacion de la experiencia toda vez que el oferente no adjunta: 1, Registro Unico de Proponentes
A22: 5 | B22: PROPONENTES | C22: SI CUMPLE | E22: SI CUMPLE | G22: SI CUMPLE | H22: SI CUMPLE | I22: N/A
B24: ASODISFISUR | C24: En el numeral 4.1 se evidencia que el oferente se compromete a cumplir todas las especificaciones técnicas. | E24: Se valida la información en el RUP adjunto, y se observa que: En las páginas N° 11, 12 Y 14 del RUP se evidencian los códigos de clasificación de bienes 86101700, 86121800, 86131500, 86131600, 86141500 y 93141700 Así mismo, se valida que: 1, En la página N° 144 del RUP se evidencia experiencia por 445,93 SMLMV en los codigos 86131600, 86141500 y 86131500 para el consecutivo 43 - Anexa documento que acredita la la experiencia 2, En la página N° 202 del RUP se evidencia experiencia por 521,94 SMLMV en los codigos 86141500 86131500 y 86131600 para el consecutivo 62 - Anexa documento que acredita la experiencia | G24: RENTABILIDAD DEL PATRIMONIO: 0,30 RENTABILIDAD DEL ACTIVO: 0,25
A25: 6 | B25: PROPONENTES | C25: SI CUMPLE | E25: SI CUMPLE | G25: SI CUMPLE | H25: SI CUMPLE | I25: N/A
B27: FUNDACION ANA GRACIELA HERNANDEZ | C27: En el numeral 4.1 se evidencia que el oferente se compromete a cumplir todas las especificaciones técnicas. | E27: Se valida la información en el RUP adjunto, y se observa que: En la página N° 20 se evidencian los códigos de clasificación de bienes 86101700, 86121800, 86131500, 86131600; en la página N° 21 el codigo 86141500 y en la página N° 22 el codigo 93141700 Así mismo, 1, En el numeral 4,2,2 del cuestionario reporta consecutivo RUP #7. En la página N° 31 del RUP se evidencia experiencia por 260,70 SMLMV en los codigos 86121800, 86131500 y 86131600 y Anexa documento en archivo denominado "Anexos tecnicos pioneritos 2012 y 2013" el cual acredita la experiencia 2, En el numeral 4,2,3 del cuestionario reporta consecutivo RUP #13. En la página N° 36 del RUP se evidencia experiencia por 173,12 SMLMV en los codigos 86131600, 86131500 y 86141500 y Anexa documento en archivo denominado "Anexos tecnicos pioneritos 2012 y 2013" el cual acredita la experiencia 3, En el numeral 4,2,4 del cuestionario reporta consecutivo RUP #2 en la página N° 26 del RUP se evidencia experiencia por 41,32 SMLMV en los codigos 86131600, 86131500 y 86141500 y Anexa documento que acredita experiencia | G27: RENTABILIDAD DEL PATRIMONIO: 0,15 RENTABILIDAD DEL ACTIVO: 0,14
A28: 7 | B28: PROPONENTES | C28: SI CUMPLE | E28: NO CUMPLE | G28: SI CUMPLE | H28: NO CUMPLE | I28: El oferente NO cumple con la experiencia requerida por el FDLSF para la ejecucion del presente proceso
B30: FUNDACION DESARROLLO SOCIAL COLOMBIA | C30: En el numeral 4.1 se evidencia que el oferente se compromete a cumplir todas las especificaciones técnicas. | E30: Se valida la información en el RUP adjunto, y se observa que: En la página N° 5 y 6 y se evidencian los códigos de clasificación de bienes 86131600 y 93141700 Así mismo, 1, En el numeral 4,2,2 del cuestionario reporta consecutivo RUP #2. En la página N° 7 del RUP se evidencia experiencia por 1155,75 SMLMV en el codigo 86131600; Anexa documento en archivo denominado "Plaza Mayor" el cual acredita la experiencia. Sin embargo segun lo requerido por el FDLSF "Nota 1: En el caso de que se pretenda acreditar a través del RUP experiencia con entidades de naturaleza privada, resulta de carácter obligatorio, acreditar a través del RUP, al menos experiencia con una entidad pública de orden nacional, departamental, distrital, municipal o local por valor igual o superior en sumatoria al 40% del presupuesto oficial; Nota 2: En caso de que se pretenda acreditar experiencia a través del RUP, únicamente con entidades de naturaleza privada, sin el cumplimiento del requisito enunciado en la Nota No. 1, dicha experiencia no será tenida en cuenta.". El oferente no relaciona la experiencia solicitada | G30: RENTABILIDAD DEL PATRIMONIO: 0,16 RENTABILIDAD DEL ACTIVO: 0,16
A31: 8 | B31: PROPONENTES | C31: SI CUMPLE | E31: SI CUMPLE | G31: SI CUMPLE | H31: SI CUMPLE | I31: N/A
B33: AMARECINA CORP | C33: En el numeral 4.1 se evidencia que el oferente se compromete a cumplir todas las especificaciones técnicas. | E33: Se valida la información en el RUP adjunto, y se observa que: En la página N° 52 se evidencia el código de clasificación de bienes 86101700; en la pagina 53 se evidencian los codigos 86121800, 86131500, 86131600 y 86141500 y en la página N° 54 el codigo 93141700 Así mismo, 1, En el numeral 4,2,2 del cuestionario reporta consecutivo RUP #149. En la página N° 308 del RUP se evidencia experiencia por 2421,04 SMLMV en los codigos 86131500, 86131600 y 93141700. Anexa documento en archivo denominado "SUBSANACION 1", con el cual acredita la experiencia relacionada, la cual se ajusta a los requermientos del FDLSF | G33: RENTABILIDAD DEL PATRIMONIO: 0,31 RENTABILIDAD DEL ACTIVO: 0,23
A34: 9 | B34: PROPONENTES | C34: SI CUMPLE | E34: NO CUMPLE | G34: SI CUMPLE | H34: NO CUMPLE- SUBSANAR | I34: De acuerdo con la Observación presentada por el Proponente Corporacion Nacional para el Desarrollo Sostenible - CONADES a través de la plataforma SECOP II. La entidad, procede a verificar los documentos que acreditan la experiencia para los contratos relacionados por el proponente SERVICIOS INTEGRADOS DE CONSULTORIA SAS encontrando que: De conformidad con lo publicado en el pliego de condiciones definitivo "numeral 1.4 CAPACIDAD TÉCNICA, literal B. EXPERIENCIA, Nota 1: En el caso de que se pretenda acreditar a través del RUP experiencia con entidades de naturaleza privada, resulta de carácter obligatorio, acreditar a través del RUP, al menos experiencia con una entidad pública de orden nacional, departamental, distrital, municipal o local por valor igual o superior en sumatoria al 40% del presupuesto oficial."
B36: SERVICIOS INTEGRADOS DE CONSULTORIA SAS | C36: En el numeral 4.1 se evidencia que el oferente se compromete a cumplir todas las especificaciones técnicas. | E36: Se valida la información en el RUP adjunto, y se observa que: En la página N° 6 se evidencia el código de clasificación de bienes 86101700; en la pagina 7 se evidencian los codigos 86141500 y en la página N° 8 el codigo 93141700 Así mismo, 1, Se observa que para los numerales 4,2,2, 4,2,3 y 4,2,4 NO hubo diligenciamiento del cuestionario; no obstante el oferete adjunta archivo denominado "Relacion experiencia y certificaciones", con la cual se acredita la experiencia a través del RUP así: * En la página 12 del RUP consecutivo #6, se acredita experiencia por 49,99 SMMLV con el codigo 93141700 * En la página 16 del RUP consecutivo #12, se acredita experiencia por 82,25 SMMLV con el codigo 93141700 y 86141500 * En la página 19 del RUP consecutivo #18, se acredita experiencia por 132,76 SMMLV con el codigo 86101700, 86141500 y 93141700 | G36: RENTABILIDAD DEL PATRIMONIO: 0,32 RENTABILIDAD DEL ACTIVO: 0,30
A37: 10 | B37: PROPONENTES | C37: SI CUMPLE | E37: SI CUMPLE | G37: SI CUMPLE | H37: SI CUMPLE | I37: N/A
B39: FUNDACION IWOKE | C39: En el numeral 4.1 se evidencia que el oferente se compromete a cumplir todas las especificaciones técnicas. | E39: Se valida la información en el RUP adjunto, y se observa que: En la página N° 7 se evidencia el código de clasificación de bienes 86101700, 86131500, 86131600 Y 86141500 y en la página N° 8 el codigo 93141700 Así mismo, se observa que: * En la página 20 del RUP consecutivo #16, se acredita experiencia por 206,80 SMMLV con el codigo 86131500, 86121800, anexa certificacion que acredita la experiencia * En la página 21 del RUP consecutivo #17, se acredita experiencia por 206,33 SMMLV con el codigo 86141500, 86131600, anexa certificacion que acredita la experiencia * En la página 9 del RUP consecutivo #1, se acredita experiencia por 996,18 SMMLV con el codigo 86121800, 86101700, anexa certificacion que acredita la experiencia | G39: RENTABILIDAD DEL PATRIMONIO: 0,13 RENTABILIDAD DEL ACTIVO: 0,11
A40: 11 | B40: PROPONENTES | C40: SI CUMPLE | E40: SI CUMPLE | G40: SI CUMPLE | H40: SI CUMPLE | I40: N/A
B42: FUNDACION HOGARES SI A LA VIDA | C42: En el numeral 4.1 se evidencia que el oferente se compromete a cumplir todas las especificaciones técnicas. | E42: Se valida la información en el RUP adjunto, y se observa que: En la página N° 7 se evidencia el código de clasificación de bienes 86101700, 86131500, 86131600 Y 86141500 y en la página N° 8 el codigo 93141700 Así mismo, se observa que: * En la página 27 del RUP consecutivo #38, se acredita experiencia por 185,29 SMMLV con el codigo 86131500, 86131600, 86141500 Y 93141700; en documento adjunto denominado "Experiencia" anexa certificacion que acredita la experiencia relacionada. * En la página 60 del RUP consecutivo #101, se acredita experiencia por 1259,29 SMMLV con el codigo 86131500 y 86131600; en documento adjunto denominado "Experiencia" anexa certificacion que acredita la experiencia relacionada. | G42: RENTABILIDAD DEL PATRIMONIO: 0,24 RENTABILIDAD DEL ACTIVO: 0,21
A43: 12 | B43: PROPONENTES | C43: SI CUMPLE | E43: SI CUMPLE | G43: SI CUMPLE | H43: SI CUMPLE | I43: N/A
B45: FUNDACION SOCIAL VIVE COLOMBIA | C45: En el numeral 4.1 se evidencia que el oferente se compromete a cumplir todas las especificaciones técnicas. | E45: Se valida la información en el RUP adjunto, y se observa que: En la página N° 18 se evidencia el código de clasificación de bienes 86101700, 86131500, 86131600 Y 86141500 y en la página N° 20 el codigo 93141700 Así mismo, se observa que: * En la página 59 del RUP consecutivo #37, se acredita experiencia por 155,20 SMMLV con el codigo 86131500, 86101700; en documento adjunto denominado "Experiencia formacion cultural Santa Fe" anexa certificacion que acredita la experiencia relacionada. * En la página 87 del RUP consecutivo #56, se acredita experiencia por 853,99 SMMLV con el codigo 86101700, 93141700 en documento adjunto denominado "Experiencia formacion cultural Santa Fe" anexa certificacion que acredita la experiencia relacionada. * En la página 83 del RUP consecutivo #54, se acredita experiencia por 334,83 SMMLV con el codigo 86101700; en documento adjunto denominado "Experiencia formacion cultural Santa Fe" anexa certificacion que acredita la experiencia relacionada. | G45: RENTABILIDAD DEL PATRIMONIO: 0,22 RENTABILIDAD DEL ACTIVO: 0,19
A46: 13 | B46: PROPONENTES | C46: SI CUMPLE | E46: SI CUMPLE | G46: SI CUMPLE | H46: SI CUMPLE | I46: N/A
B48: CORPORACION CONADES | C48: En el numeral 4.1 se evidencia que el oferente se compromete a cumplir todas las especificaciones técnicas. | E48: Se valida la información en el RUP adjunto, y se observa que: En la página N° 12 se evidencia el código de clasificación de bienes 86101700,Y 86141500 y en la página N° 13 el codigo 93141700 Así mismo, se observa que: * En la página 101 del RUP consecutivo #46, se acredita experiencia por 652,02 SMMLV con el codigo 86141500, 93141700 Y 86101700; Anexa documento denominado "subsanacion y observaciones evaluacion" el cual expresa como se acredita la experiencia | G48: RENTABILIDAD DEL PATRIMONIO: 0,20 RENTABILIDAD DEL ACTIVO: 0,17
B50: Nota: Los oferentes que se encuentran no habilitados, se les requiere para que allegue la información con el fin de cumplir el requerimiento
A52: LAURA MARTINEZ CASTILLO | B52: LAURA MARTINEZ CASTILLO
A53: PROFESIONAL DE PLANEACION | B53: PROFESIONAL DE PLANEACION

Sheet OPC 1
A3: EVALUACION PROPUESTA ECONOMICA
A4: =HABILITANTE!A4 -> PROCESO DE SELECCIÓN ABREVIADA DE MENOR CUANTIA 028-2017
A6: PROPONENTE | B6: OFERTA ECONOMICA | C6: PUNTAJE | D6: OBSERVACIONES
A7: =HABILITANTE!B12 -> CORFUTURO | B7: 145962817 | D7: NO ESTA HABILITADO TÉCNICAMENTE
A8: =HABILITANTE!B15 -> FUNDACION DE CIENCIA Y TECNOLOGIA GLOBAL FUNCITEG | B8: 1.4547069e+08 | C8: =(B28*500)/B8 -> 500
A9: =HABILITANTE!B18 -> FUNDACION CONSTRUCCION LOCAL | B9: 1.3947755e+08 | C9: =(B9*500)/B28 -> 479.40085
A10: =HABILITANTE!B21 -> FUNDACION PEPASO | B10: 146834100 | D10: NO ESTA HABILITADO TÉCNICAMENTE
A11: =HABILITANTE!B24 -> ASODISFISUR | B11: 146139272 | C11: =(B28*500)/B11 -> 497.71253
A12: =HABILITANTE!B27 -> FUNDACION ANA GRACIELA HERNANDEZ | B12: 147100844 | D12: NO ESTA HABILITADO JURÍDICAMENTE
A13: =HABILITANTE!B30 -> FUNDACION DESARROLLO SOCIAL COLOMBIA | B13: 148802603 | D13: NO ESTA HABILITADO TÉCNICA Y JURIDICAMENTE
A14: =HABILITANTE!B33 -> AMARECINA CORP | B14: 146502315 | C14: =(B28*500)/B14 -> 496.47917
A15: =HABILITANTE!B36 -> SERVICIOS INTEGRADOS DE CONSULTORIA SAS | B15: 147431084 | D15: NO ESTA HABILITADO TÉCNICAMENTE
A16: =HABILITANTE!B39 -> FUNDACION IWOKE | B16: 143167767 | C16: =(B16*500)/B28 -> 492.08457
A17: =HABILITANTE!B42 -> FUNDACION HOGARES SI A LA VIDA | B17: 146141877 | C17: =(B28*500)/B17 -> 497.70366
A18: =HABILITANTE!B45 -> FUNDACION SOCIAL VIVE COLOMBIA | B18: 148676274 | C18: =(B28*500)/B18 -> 489.2196
A19: =HABILITANTE!B48 -> CORPORACION CONADES | B19: 146609190 | C19: =(B28*500)/B19 -> 496.11724
A20: PROMEDIO | B20: =(B19+B18+B17+B16+B14+B11+B9+B8+B24)/9 -> 1.4580995e+08
A22: PUNTAJE | B22: 500
A24: PRESUPUESTO OFICIAL | B24: 150104600
A26: PROMEDIO | B26: =B20 -> 1.4580995e+08
A28: PROPUESTA PATRON | B28: =B8 -> 1.4547069e+08
A31: LAURA MARTINEZ CASTILLO | B31: ANDREA PEREZ ARISMENDI
A32: PROFESIONAL DE PLANEACION | B32: PROFESIONAL DE PLANEACION

Sheet REQ. TEC. HAB.
B4: FONDO DE DESARROLLO LOCAL DE BARRIOS UNIDOS
B5: EVALUACION DEFINITIVA DE FACTORES TECNICOS HABILITANTES
B6: PROCESO FDLBU SASI 140-2019
A7: ITEM | B7: PROPONENTE | D7: MODELO FICHA TÉCNICA (Formato 9) | F7: ESPECIFICACIONES TÉCNICAS (Formato 8) | G7: PRÁCTICAS AMBIENTALES (Formato 7) | H7: EXPERIENCIA (Formato 6) | J7: RESULTADO FINAL | K7: OBSERVACIONES
D10: Es deber del proponente analizar y verificar todas y cada una de las especificaciones técnicas de los elementos que el FDLBU requiere adquirir, mismas que se encuentran detalladas en ANEXO FICHAS TÉCNICAS | F10: El proponente deberá allegar junto con su propuesta, debidamente diligenciado y suscrito por el representante legal el FORMATO 8 ESPECIFICACIONES TÉCNICAS, donde manifiesta que cumplirá con las condiciones técnicas contenidas estudio previo, Anexo Técnico – Dotación Jardines, Anexo Fichas Técnicas y demás documentos del proceso | G10: CARTA DE COMPROMISO DE BUENAS PRÁCTICAS AMBIENTALES | H10: El proponente debe acreditar mediante el RUP y con máximo de TRES (03) contratos ejecutados y debidamente liquidados con entidades públicas y/o privadas, que se relacione con el objeto contractual (Compraventa o el Suministro de Elementos Didácticos y/o de Elementos para Primera Infancia y/o Electrodomésticos y/o Libros de Lectura o Libros Infantiles), cuya sumatoria sea igual o mayor al 100% del presupuesto oficial, es decir 479 SMMLV. Los proponentes deberán registrar en el RUP los contratos que hayan suscrito y ejecutado para prestar los bienes y servicios que pretenden ofrecer al Fondo de Desarrollo Local de Barrios Unidos, dichos contratos ejecutados para contabilizar la experiencia deberán encontrarse contenidos como mínimo en CUATRO (4) de los siguientes Códigos Materiales de recursos del profesor 60101700 Recursos y materiales de destreza alfabética 60101900 Materiales de recursos del profesor de resolución de problemas, datos posibilidades y probabilidades 60102600 Materiales de recursos del profesor de ensamiento lógico, percepción espacial, identificación de coincidencias y patrones 60102700 Materiales de recursos del profesor De geometría 60103100 Sets de instrumentos Musicales 60131600 Juguetes 60141000 Juegos 60141100 Equipos de juegos activos y accesorios 60141200 Sistemas de construcción y bloques infantiles 60141300 Equipo de representación teatral y accesorios 60141400 Equipos audiovisuales 52161500 Libros de lectura y recursos 60102300 Nota 1: Todos los proponentes deberán diligenciar el FORMATO 6 EXPERIENCIA DEL PROPONENTE, los contratos que pretendan hacer valer en el RUP, en caso de que se requiera la entidad solicitara los soportes que considere necesarios para la verificación de la experiencia exigida
A11: 1 | B11: PROPONENTE 1
B12: COMERCIALIZADORA SERDAN LTDA NIT 9001311391 | D12: EL PROPONENTE ANEXA EL ARCHIVO formato 9 fichas tecnicas DONDE SE ENCUENTRAN LAS FICHAS TECNICAS DE LOS 110 ITEMS COMTEMPLADOS EN EL PROCESO LOS CUALES SON IGUALES EN SUS CARACTERISTICAS TECNICAS A LOS SOLICITADOS EN EL ANEXO TECNICO DEL PROCESO | F12: El proponente adjunta documento denominado "FORMATO 8 ESPECIFICACIONES TECNICAS.pdf" suscrito por GLORIA AMPARO GOMEZ MUÑOZ | G12: El proponente adjunta documento denominado "FORMATO 7 BUENAS PRACTICAS AMBIENTALES.pdf" suscrito por GLORIA AMPARO GOMEZ MUÑOZ | H12: 1. Se evalúa la experiencia relacionada por el proponente a través del documento denominado "Formato N°6 Experiencia.pdf" 2.Se valida documento denominado "RUP SERDAN 9 DE SEPTIEMBRE 2019.pdf", encontrando que: * En la página N° 239 del RUP se evidencia experiencia por 620,78 SMLMV en los códigos 60101700, 60101900 y 52161500 para el consecutivo 139 - Anexa documento denominado "2167 ADM 0055 2015 RUP # 139.pdf" el cual acredita la experiencia requerida por la entidad con el contrato suscrito con la ORGANIZACION INTERNACIONAL PARA LAS MIGRACIONES O I M * En la página N° 225 del RUP se evidencia experiencia por 580,16 SMLMV en los códigos 60102600, 60102700, 60103100 Y 60141000 para el consecutivo 120 - Anexa documento denominado "PSPJ No 1866 2013 RUP # 120.pdf" el cual acredita la experiencia requerida por la entidad con el contrato suscrito con la ORGANIZACION INTERNACIONAL PARA LAS MIGRACIONES O I M * En la página N° 219 del RUP se evidencia experiencia por 873,64 SMLMV en los códigos 60131600 Y 52161500 para el consecutivo 118 - Anexa documento denominado "073-2016 RUP # 118.pdf" el cual acredita la experiencia requerida por la entidad con el contrato suscrito con la ALCALDIA LOCAL DE RAFAEL URIBE | J12: CUMPLE | K12: NINGUNA
D13: SI CUMPLE | F13: SI CUMPLE | G13: SI CUMPLE | H13: SI CUMPLE
B14: PROPONENTE 2
B15: AMERICANA CORP SAS NIT 830029017 | D15: EL PROPONENTE ANEXA EL ARCHIVO Ficha Técnica.rar DONDE SE ENCUENTRAN LAS FICHAS TECNICAS DE LOS 110 ITEMS COMTEMPLADOS EN EL PROCESO | F15: El proponente adjunta documento denominado "FORMATO 8 ESPECIFICACIONES TÉCNICAS.pdf" suscrito por JAVIER ANTONIO GUTIERREZ LOPEZ | G15: El proponente adjunta documento denominado "FORMATO 7 CARTA DE COMPROMISO DE BUENAS PRACTICAS AMBIENTALES.pdf" suscrito por JAVIER ANTONIO GUTIERREZ LOPEZ | H15: 1. Se evalúa la experiencia relacionada por el proponente a través del documento denominado "EXPERIENCIA BUU.pdf" 2.Se valida documento denominado "RUP SEP 2019 EN FIRME OK.pdf", encontrando que: * En la página N° 296 del RUP se evidencia experiencia por 330,57 SMLMV en los códigos 60101700, 60101900, 60102600 Y 60172700 para el consecutivo 141 - Anexa documento denominado "EXPERIENCIA BUU.pdf" el cual acredita la experiencia requerida por la entidad con el contrato suscrito con la ALCALDIA LOCAL DE RAFAEL URIBE * En la página N° 366 del RUP se evidencia experiencia por 3574,68 SMLMV en los códigos 60171000, 60141000, 60141100 Y 60141200 para el consecutivo 192 - Anexa documento denominado "EXPERIENCIA BUU.pdf" el cual acredita la experiencia requerida por la entidad con el contrato suscrito con el INSTITUTO COLOMBIANO DE BIENESTAR FAMILIAR * En la página N° 334 del RUP se evidencia experiencia por 644,75 SMLMV en los códigos 60141000, 60141100 Y 60141200 para el consecutivo 166 - Anexa documento denominado "EXPERIENCIA BUU.pdf" el cual acredita la experiencia requerida por la entidad con el contrato suscrito con el MINISTERIO DE DEFENSA NACIONAL | J15: NO CUMPLE | K15: NO ANEXA FORMATOS No 9 FICHAS TECNICAS
D16: NO CUMPLE | F16: SI CUMPLE | G16: SI CUMPLE | H16: SI CUMPLE
B17: PROPONENTE 3
B18: UT-INDUNACIS | D18: EL PROPONENTE ANEXA EL ARCHIVO Ficha Técnica.rar DONDE SE ENCUENTRAN LAS FICHAS TECNICAS DE LOS 110 ITEMS COMTEMPLADOS EN EL PROCESO | F18: El proponente adjunta documento denominado "Formato 8 - Especificaciones Técnicas.pdf" suscrito por VIVIAN MARCELA DIAZ GRANADOS | G18: El proponente adjunta documento denominado "Formato 7 - Compromiso Buenas Prácticas Ambientales.pdf" suscrito por VIVIAN MARCELA DIAZ GRANADOS | H18: 1. Se evalúa la experiencia relacionada por el proponente a través del documento denominado "Formato 6 - Experiencia del Proponente.pdf" 2.Se valida documento denominado "RUP Nacional de Insumos SAS.pdf", encontrando que: * En la página N° 213 del RUP se evidencia experiencia por 212,53 SMLMV en los códigos 60101700, 60102700, 60141000 y 60141100 para el consecutivo 29 - Anexa documento denominado Certificación 29.pdf" el cual acredita la experiencia requerida por la entidad con el contrato suscrito con la ALCALDIA LOCAL DE TUNJUELITO * En la página N° 485 del RUP se evidencia experiencia por 97,56 SMLMV en los códigos 60101700, 60101900, 60102700 Y 52161500 para el consecutivo 44 - Anexa documento denominado Certificación 44.pdf" el cual acredita la experiencia requerida por la entidad con el contrato suscrito con el ALCALDIA LOCAL DE MARTIRES 2.Se valida documento denominado "RUP Induproyectos del Oriente SAS.pdf", encontrando que: * En la página N° 228 del RUP se evidencia experiencia por 521,88 SMLMV en los códigos 60102600, 60102700, 601031000 Y 52161500 para el consecutivo 11 - Anexa documento denominado "Certificación 11.pdf" el cual acredita la experiencia requerida por la entidad con el contrato suscrito con IDEAS PROYECTOS Y SUMINISTROS SAS | J18: NO CUMPLE | K18: EN EL FORMATO No 9 ANEXADO CORRSPONDIENTE AL ITEM No 10 LAS CARACTERISTICAS TECNICAS DESCRITAS EN DICHO FORMATO NO COINCIDE EN SU TOTALIDAD EL DETERMINADO EN EL ANEXO TECNICO PARA ESTE ITEM -AL ENTIDAD DETERMINA PARA EL ITEM 10 "Conjunto de 5 Cojines en material impermeable hipo alergénica con forro en tela hipo alergénica que se ajuste a su forma y cuente con cremallera u otro tipo de cierre que permita desmontar el forro para el lavadoindros tipo puff de aproximadamente, alto: 40 cm. Diámetro: 40 cm. " -EL PROPONENTE PARA EL ITEM 10 ESPECIFICA"Conjunto de 5 Cojines en material impermeable hipo alergénica con forro en tela hipo alergénica que se ajuste a su forma y cuente con cremallera u otro tipo de cierre que permita desmontar el forro para el lavado" EL PROPONENTE OMITE LA CARACTERISTICA FISICAS EN CUANTO A DIMENSIONES
D19: NO CUMPLE | F19: SI CUMPLE | G19: SI CUMPLE | H19: SI CUMPLE
B20: PROPONENTE 4
B21: Lilia Fanny Guevara Parrado NIT 20546554 | D21: EL PROPONENTE ANEXA EL ARCHIVO formato 9 fichas tecnicas DONDE SE ENCUENTRAN LAS FICHAS TECNICAS DE LOS 110 ITEMS COMTEMPLADOS EN EL PROCESO LOS CUALES SON IGUALES EN SUS CARACTERISTICAS TECNICAS A LOS SOLICITADOS EN EL ANEXO TECNICO DEL PROCESO | F21: El proponente adjunta documento denominado "especificaciones Técnicas.pdf" suscrito por LILIA FANNY GUEVARA PARRADO | G21: El proponente adjunta documento denominado "AMBIENTAL.pdf" suscrito por LILIA FANNY GUEVARA PARRADO | H21: 1. Se evalúa la experiencia relacionada por el proponente a través del documento denominado "EXPERIENCIA PROPONENTE.pdf" 2.Se valida documento denominado "RUP 27 DE SEPTIEMBRE.pdf", encontrando que: * En la página N° 23 del RUP se evidencia experiencia por 533,72 SMLMV en los códigos 60101700, 60102600, 60102700 y 60103100 para el consecutivo 6 - Anexa documento denominado "06 Secretaria De Educación Distrital 533,72SMLV.pdf" el cual acredita la experiencia requerida por la entidad con el contrato suscrito con la SECRETARIA DE EDUCACION DE BOGOTA * En la página N° 44 del RUP se evidencia experiencia por 134,10 SMLMV en los códigos 60131600, 60141300 y 52161500 para el consecutivo 19 - Anexa documento denominado "19 Gobernanción del Guainía 134,10 SMLV.pdf" el cual acredita la experiencia requerida por la entidad con el contrato suscrito con la GOBERNACION DEL GUAINIA * En la página N° 127 del RUP se evidencia experiencia por 477,68 SMLMV en los códigos 60141000, 60102700, 60101700 Y 52161500 para el consecutivo 93 - Anexa documento denominado "93 Departamento de Guainía 477,68SMLV.pdf" el cual acredita la experiencia requerida por la entidad con el contrato suscrito con la GOBERNACION DEL GUAINIA | J21: CUMPLE | K21: NINGUNA
D22: SI CUMPLE | F22: SI CUMPLE | G22: SI CUMPLE | H22: SI CUMPLE
B23: PROPONENTE 5
B24: ARISMA NIT 860049903 | D24: EL PROPONENTE ANEXA EL ARCHIVO formato 9 fichas tecnicas DONDE SE ENCUENTRAN LAS FICHAS TECNICAS DE LOS 110 ITEMS COMTEMPLADOS EN EL PROCESO LOS CUALES SON IGUALES EN SUS CARACTERISTICAS TECNICAS A LOS SOLICITADOS EN EL ANEXO TECNICO DEL PROCESO | F24: El proponente adjunta documento denominado "FORMATO 8 ESPECIFICACIONES TÉCNICAS.pdf" suscrito por DIANA YAZMIN ABRIL MARTINEZ | G24: El proponente adjunta documento denominado "FORMATO 7 CARTA DE COMPROMISO DE BUENAS PRACTICAS AMBIENTALES.pdf" suscrito por DIANA YAZMIN ABRIL MARTINEZ | H24: 1. Se evalúa la experiencia relacionada por el proponente a través del documento denominado "FORMATO 6 EXPERIENCIA DEL PROPONENTE.pdf" 2.Se valida documento denominado "009 Septiembre 02.pdf", encontrando que: * En la página N° 141 del RUP se evidencia experiencia por 1.375.28 SMLMV en los códigos 60101700, 60102600, 60102700 y 60141000 para el consecutivo 162 - Anexa documento denominado "FORMATO 6 EXPERIENCIA DEL PROPONENTE.pdf" el cual acredita la experiencia requerida por la entidad con el contrato suscrito con la Alcaldía Municipal de Tocancipa * En la página N° 133 del RUP se evidencia experiencia por 150.64 SMLMV en los códigos 60101700, 60101900, 60103100 y 60131600 para el consecutivo 151 - Anexa documento denominado "FORMATO 6 EXPERIENCIA DEL PROPONENTE.pdf" el cual acredita la experiencia requerida por la entidad con el contrato suscrito con El Fondo de Desarrollo Local de Fontibón * En la página N° 110 del RUP se evidencia experiencia por 169.28 SMLMV en los códigos 60101700, 6014100, 60141200 y 60141300 para el consecutivo 120 - Anexa documento denominado "FORMATO 6 EXPERIENCIA DEL PROPONENTE.pdf" el cual acredita la experiencia requerida por la entidad con el contrato suscrito con el Municipio de Pitalito - Huila | J24: CUMPLE | K24: Ninguna
D25: SI CUMPLE | F25: SI CUMPLE | G25: SI CUMPLE | H25: SI CUMPLE
B26: PROPONENTE 6
B27: MADEX NIT 900552715 | D27: EL PROPONENTE ANEXA EL ARCHIVO formato 9 fichas tecnicas DONDE SE ENCUENTRAN LAS FICHAS TECNICAS DE LOS 110 ITEMS COMTEMPLADOS EN EL PROCESO LOS CUALES SON IGUALES EN SUS CARACTERISTICAS TECNICAS A LOS SOLICITADOS EN EL ANEXO TECNICO DEL PROCESO | F27: El proponente adjunta documento denominado "FORMATO No. 8 ESPECIFICACIONES TÉCNICAS.pdf" suscrito por JORGE IGNACIO TORRES TORRES | G27: El proponente adjunta documento denominado "FORMATO No. 7 CARTA DE COMPROMISO DE BUENAS PRÁCTICAS AMBIENTALES.pdf" suscrito por JORGE IGNACIO TORRES TORRES | H27: 1. Se evalúa la experiencia relacionada por el proponente a través del documento denominado "EXPERIENCIA.rar" 2.Se valida documento denominado "RUP MADEX OCTUBRE 2019.pdf", encontrando que: * En la página N° 79 del RUP se evidencia experiencia por 3790,58 SMLMV en los códigos 60141100, 60141200, 60141300 Y 60141400 para el consecutivo 28 - Anexa documento denominado "CERTIFICACIONES DE EXPERIENCIA_MADEX_SED_PROALPAPEL.pdf" el cual acredita la experiencia requerida por la entidad con la SECRETARIA DE EDUCACION DEL DISTRITO * En la página N° 97 del RUP se evidencia experiencia por 1137 SMLMV en los códigos 60101700, 60101900, 60102600 Y 60102700 para el consecutivo 41 - Anexa documento denominado "CERTIFICACIONES DE EXPERIENCIA_MADEX_SED_PROALPAPEL.pdf" el cual acredita la experiencia requerida por la entidad con el contrato suscrito con PROALPAPEL PROCESOS AL PAPEL S.A.S. | J27: CUMPLE | K27: NINGUNA
D28: SI CUMPLE | F28: SI CUMPLE | G28: SI CUMPLE | H28: SI CUMPLE
B29: PROPONENTE 7
B30: Tecnoprocesos S.A.S. NIT 900273006 | D30: SE REVISA LAS 110 FICHAS TECNICAS PRESENTADAS POR EL PROPONENTE EN EL DOCUMENTO: FICHAS TECNICAS. | F30: El proponente adjunta documento denominado "FORMATO 8.pdf" suscrito por JAVIER ENRIQUE ARIAS ROJAS | G30: El proponente adjunta documento denominado "fomato 7.pdf" suscrito por JAVIER ENRIQUE ARIAS ROJAS | H30: 1. Se evalúa la experiencia relacionada por el proponente a través del documento denominado "experiencia formato 6.pdf" 2.Se valida documento denominado "RUP 13 SPT.pdf", encontrando que: * En la página N° 157 del RUP se evidencia experiencia por 538,40 SMLMV en los códigos 60131600, 60141000, 60141300 y 60141400 para el consecutivo 109 - Anexa documento denominado "experiencia formato 6.pdf" el cual acredita la experiencia requerida por la entidad con el contrato suscrito con el MUNICIPO DE TEORAMA | J30: NO CUMPLE | K30: En lo referente a las fichas tecnicas de la No. 77 a 110 no cumple con las especifaciones tecnicas requeridas para la totalidad de los libros en la columna de Descripcion General. "Conjunto de libros en material resistente, con imágenes coloridas, en carton de color plastificado, no toxico y que se puedan manipular y explorar facilmente."
D31: NO CUMPLE | F31: SI CUMPLE | G31: SI CUMPLE | H31: SI CUMPLE
B32: PROPONENTE 8
B33: DIDACTICOS SIMBOLOS Y SIGNOS S EN C NIT 830084135 | D33: EL PROPONENTE ANEXA EL ARCHIVO formato 9 fichas tecnicas DONDE SE ENCUENTRAN LAS FICHAS TECNICAS DE LOS 110 ITEMS COMTEMPLADOS EN EL PROCESO LOS CUALES SON IGUALES EN SUS CARACTERISTICAS TECNICAS A LOS SOLICITADOS EN EL ANEXO TECNICO DEL PROCESO | F33: El proponente adjunta documento denominado "TECNICO.pdf" suscrito por DIANA ELIZABETH VILLALOBOS PEÑA | G33: El proponente adjunta documento denominado "ambiental.pdf" suscrito por DIANA ELIZABETH VILLALOBOS PEÑA | H33: 1. Se evalúa la experiencia relacionada por el proponente a través del documento denominado "experiencia.pdf" 2.Se valida documento denominado "rup agosto.pdf", encontrando que: * En la página N° 151 del RUP se evidencia experiencia por 216,66 SMLMV en los códigos 60101900, 60102700, 60141100 Y 60141200 para el consecutivo 50 - Anexa documento denominado CONTRATO 50 - ALCALDIA KENNEDY (DIDACTICOS).pdf" el cual acredita la experiencia requerida por la entidad con el contrato suscrito con el FONDO DE DESARROLLO LOCAL DE KENNEDY * En la página N° 243 del RUP se evidencia experiencia por 532,89 SMLMV en los códigos 60102700, 60141000, 60141200 Y 60141300 para el consecutivo 75 - Anexa documento denominado CONTRATO 75 - GOBERNACION DE RISARALDA.pdf" el cual acredita la experiencia requerida por la entidad con el contrato suscrito con LA GOBERNACION DE RISARALDA - DEPARTAMENTO DE RISARALDA | J33: CUMPLE | K33: NINGUNA
D34: SI CUMPLE | F34: SI CUMPLE | G34: SI CUMPLE | H34: SI CUMPLE

Sheet ECONÓMICA
A1: FONDO DE DESARROLLO LOCAL DE BARRIOS UNIDOS
A2: EVALUACION ECONOMICA DEFINITIVA
A3: PROCESO FDLBU SASI 140-2019
A4: PROPONENTE | C4: VALOR PROPUESTA | E4: OBSERVACIONES
A5: COMERCIALIZADORA SERDAN LTDA NIT 9001311391 | C5: 3.966884e+08 | E5: El proponente cumple con lo requerido para la presentación de la oferta económica
A6: Lilia Fanny Guevara Parrado NIT 20546554 | C6: 3.9668105e+08 | E6: El proponente cumple con lo requerido para la presentación de la oferta económica
A7: ARISMA NIT 860049903 | C7: 3.966884e+08 | E7: El proponente cumple con lo requerido para la presentación de la oferta económica
A8: MADEX NIT 900552715 | C8: 3.9667507e+08 | E8: El proponente cumple con lo requerido para la presentación de la oferta económica
A9: DIDACTICOS SIMBOLOS Y SIGNOS S EN C NIT 830084135 | C9: 396284020 | E9: El proponente cumple con lo requerido para la presentación de la oferta económica
A12: PRESUPUESTO OFICIAL | C12: 3.966884e+08

Sheet OPC 3
A3: EVALUACION PROPUESTA ECONOMICA
A4: =HABILITANTE!A4 -> PROCESO DE SELECCIÓN ABREVIADA DE MENOR CUANTIA 028-2017
A6: PROPONENTE | B6: OFERTA ECONOMICA | C6: PUNTAJE | D6: OBSERVACIONES
A7: =HABILITANTE!B12 -> CORFUTURO | B7: 145962817 | C7: 0 | D7: NO ESTA HABILITADO TÉCNICAMENTE
A8: =HABILITANTE!B15 -> FUNDACION DE CIENCIA Y TECNOLOGIA GLOBAL FUNCITEG | B8: 1.4547069e+08 | C8: =(B8*500)/B28 -> 500
A9: =HABILITANTE!B18 -> FUNDACION CONSTRUCCION LOCAL | B9: 1.3947755e+08 | C9: =(B9*500)/B28 -> 479.40085
A10: =HABILITANTE!B21 -> FUNDACION PEPASO | B10: 146834100 | C10: 0 | D10: NO ESTA HABILITADO TÉCNICAMENTE
A11: =HABILITANTE!B24 -> ASODISFISUR | B11: 146139272 | C11: =(B28*500)/B11 -> 497.71253
A12: =HABILITANTE!B27 -> FUNDACION ANA GRACIELA HERNANDEZ | B12: 147100844 | C12: =(B28*500)/B12 -> 494.45907
A13: =HABILITANTE!B30 -> FUNDACION DESARROLLO SOCIAL COLOMBIA | B13: 148802603 | C13: 0 | D13: NO ESTA HABILITADO TÉCNICA Y JURIDICAMENTE
A14: =HABILITANTE!B33 -> AMARECINA CORP | B14: 146502315 | C14: =(B28*500)/B14 -> 496.47917
A15: =HABILITANTE!B36 -> SERVICIOS INTEGRADOS DE CONSULTORIA SAS | B15: 147431084 | C15: 0 | D15: NO ESTA HABILITADO TÉCNICAMENTE
A16: =HABILITANTE!B39 -> FUNDACION IWOKE | B16: 143167767 | C16: =(B16*500)/B28 -> 492.08457
A17: =HABILITANTE!B42 -> FUNDACION HOGARES SI A LA VIDA | B17: 146141877 | C17: =(B28*500)/B17 -> 497.70366
A18: =HABILITANTE!B45 -> FUNDACION SOCIAL VIVE COLOMBIA | B18: 148676274 | C18: =(B28*500)/B18 -> 489.2196
A19: =HABILITANTE!B48 -> CORPORACION CONADES | B19: 146609190 | C19: =(B28*500)/B19 -> 496.11724
A20: PROMEDIO | B20: =(B19+B18+B17+B16+B14+B12+B11+B9+B8+B24)/10 -> 1.4593904e+08
A22: PUNTAJE | B22: 500
A24: PRESUPUESTO OFICIAL | B24: 150104600
A26: PROMEDIO | B26: =B20 -> 1.4593904e+08
A28: PROPUESTA PATRON | B28: =B8 -> 1.4547069e+08
A31: LAURA MARTINEZ CASTILLO | B31: ANDREA PEREZ ARISMENDI
A32: PROFESIONAL DE PLANEACION | B32: PROFESIONAL DE PLANEACION
